 Dungeon Crawl Stone Soup version 0.31-a0-210-gccc998df9b (webtiles) character file.

Game seed: 10431945058615435225

2699 cforsyth the Ogre Mage (level 9, -1/74 HPs)
             Began as an Ogre Fire Elementalist on June 30, 2023.
             Was an Initiate of Vehumet.
             Slain by a yak (9 damage)
             ... on level 6 of the Dungeon.
             The game lasted 00:20:04 (10095 turns).

cforsyth the Ogre Mage (Ogre Fire Elementalist)    Turns: 10095, Time: 00:20:05

Health: -1/74      AC:  3    Str: 14    XL:     9   Next: 65%
Magic:  7/21       EV: 10    Int: 20    God:    Vehumet [......]
Gold:   535        SH:  0    Dex:  9    Spells: 17/24 levels left

rFire   . . .        (no weapon)
rCold   . . .        (no shield)
rNeg    . . .        a - +0 robe
rPois   .            (helmet restricted)
rElec   .            (no cloak)
rCorr   .            (gloves unavailable)
SInv    .            (boots unavailable)
Will    .....        (no amulet)
Stlth   ++           (no ring)
HPRegen 0.32/turn    (no ring)
MPRegen 0.17/turn

%: no passive effects
@: very slightly contaminated
A: large, unfitting armour, tough skin 1
a: Renounce Religion


You were on level 6 of the Dungeon.
You worshipped Vehumet.
Vehumet was noncommittal.
You visited 2 branches of the dungeon, and saw 8 of its levels.
You also visited: Sewer and Ossuary.

You collected 535 gold pieces.

Inventory:

Armour
 a - a +0 robe (worn)
 e - a +0 kite shield
Wands
 k - a wand of polymorph (4)
 m - a wand of flame (20)
Scrolls
 b - a scroll of summoning {unknown}
 d - 3 scrolls of revelation {unknown}
 g - 2 scrolls of acquirement {unknown}
 l - a scroll of enchant armour {unknown}
 o - 2 scrolls of identify
 q - 3 scrolls of teleportation
 u - a scroll of fog {unknown}
 v - 2 scrolls of immolation {unknown}
 w - a scroll of vulnerability {unknown}
 y - a scroll of fear {unknown}
Potions
 c - 2 potions of mutation
 f - 6 potions of curing {unknown}
 h - a potion of lignification {unknown}
 i - 3 potions of haste {unknown}
 j - a potion of ambrosia {unknown}
 n - 2 potions of berserk rage {unknown}
 p - 2 potions of might {unknown}
 r - 5 potions of heal wounds {unknown}
 s - 2 potions of cancellation {unknown}
 t - a potion of degeneration {unknown}
 x - a potion of attraction {unknown}
 z - 4 potions of resistance {unknown}
 A - a potion of invisibility {unknown}


   Skills:
 - Level 2.8 Dodging
 - Level 2.3 Stealth
 + Level 8.2 Spellcasting
 + Level 6.5 Conjurations
 + Level 7.1 Fire Magic


You had 17 spell levels left.
You knew the following spells:

 Your Spells              Type           Power      Damage    Failure   Level
a - Foxfire               Conj/Fire      100%       2x1d9     1%          1
b - Scorch                Fire           72%        2d8       1%          2
c - Flame Wave            Conj/Fire      35%        2d10      4%          4

Your spell library contained the following spells:

 Spells                   Type           Power      Damage    Failure   Level
 Inner Flame              Hex/Fire       22%        N/A       6%          3
 Volatile Blastmotes      Fire/Tloc      44%        2d13      6%          3
 Hailstorm                Conj/Ice       21%        3d6       7%          3
 Apportation              Tloc           16%        N/A       9%          1
 Necrotise                Necr           32%        1d5       9%          1
 Slow                     Hex            32%        N/A       9%          1
 Sting                    Tmut/Pois      32%        1d4       9%          1
 Summon Small Mammal      Summ           32%        N/A       9%          1
 Mephitic Cloud           Conj/Pois/Air  16%        N/A       11%         3
 Poisonous Vapours        Pois/Air       16%        N/A       13%         2
 Fireball                 Conj/Fire      17%        3d9       14%         5
 Confusing Touch          Hex            8%         N/A       26%         3
 Ozocubu's Armour         Ice            8%         N/A       26%         3
 Vampiric Draining        Necr           8%         2d6       26%         3
 Ice Form                 Ice/Tmut       8%         N/A       63%         4
 Olgreb's Toxic Radiance  Pois           8%         N/A       63%         4
 Freezing Cloud           Conj/Ice/Air   8%         6-21      67%         5
 Alistair's Intoxication  Tmut/Pois      5%         N/A       93%         5
 Simulacrum               Ice/Necr       4%         N/A       100%        6
 Ozocubu's Refrigeration  Ice            4%         4d8       100%        7


Dungeon Overview and Level Annotations

Branches:
Dungeon (7/15)             Temple (1/1) D:6           Sewer (visited)
Ossuary (visited)

Altars:
Ashenzari
Cheibriados
Gozag
Hepliaklqana
Makhleb
Ru
Sif Muna
Trog
Uskayaw
Vehumet
Wu Jian
Yredelemnul
Zin
The Shining One

Shops:
D:5 [

Annotations:
D:2 Terence
D:4 3 runed translucent doors, Brisketman's ghost, amateur OpTm; bmack86's ghost, amateur MiFi; lunkers's ghost, amateur MeWn; ragingrage's ghost, amateur FoAr; superbruh's ghost, amateur DsGl


Innate Abilities, Weirdness & Mutations

You are too large for most types of armour.
You have tough skin. (AC +1)


Message History

Confirm with . or Enter, or press ? or * to list all spells.
Flames lash the yak.
The yak is burned terribly!
The yak is severely wounded.
The yak gores you. The yak gores you but does no damage.
You conjure some foxfire!
The yak closely misses you. The yak gores you!
* * * LOW HITPOINT WARNING * * *
You are too injured to fight recklessly!
The yak is no longer more vulnerable to fire.
The foxfire hits the yak!
The yak is burned terribly!
The yak is almost dead.
The foxfire hits the yak!
The yak is burned terribly!
You kill the yak!
Vehumet accepts your kill.
Casting: Foxfire (safe; 1% risk of failure)
Confirm with . or Enter, or press ? or * to list all spells.
Flames lash the yak.
The yak is heavily wounded.
The yak's fire resistance burns away.
The yak barely misses you.
Your magical contamination has completely faded away.
You are too injured to fight recklessly!
Casting: Scorch (safe; 1% risk of failure)
Confirm with . or Enter, or press ? or * to list all spells.
You miscast Foxfire.
You are very lightly contaminated with residual magic.
Nothing appears to happen.
The yak gores you!
* * * LOW HITPOINT WARNING * * *
Casting: Foxfire (safe; 1% risk of failure)
Confirm with . or Enter, or press ? or * to list all spells.
You conjure some foxfire!
The yak gores you but does no damage. The yak attacks as you move away!
The yak gores you!
* * * LOW HITPOINT WARNING * * *
The foxfire hits the yak!
The yak is burned terribly!
The yak is severely wounded.
The foxfire hits the yak!
The yak is burned terribly!
The yak is almost dead.
Unknown command.
Casting: Foxfire (safe; 1% risk of failure)
Confirm with . or Enter, or press ? or * to list all spells.
You conjure some foxfire!
The yak gores you!
You die...

#<.......#.##########.
####.....#.##......###
######.....#.##......##∩
#..........#.##.....(###
#..........#.##......# #
#..........#.##......# #
#.....>....'.##......#
#.....vY...####......###
######v@§..####......##.
#..................
#..................
####+####....######...
#........##### #...
#........# #...
#........# #...
#........# #### #####
#........#


You could see a yak (combustible, ally target).

Vanquished Creatures
  Pikel (D:6)
  3 yaks
  A steam dragon (D:7)
  Edmund (D:5)
  A water moccasin (D:5)
  An ice beast (D:6)
  A sky beast (D:6)
  A lemure (D:5)
  2 phantoms
  2 bullfrogs (D:6)
  2 scorpions
  2 hounds
  7 jellies
  2 orc priests
  A sleepcap (D:6)
  Jessica (D:1)
  2 iguanas (D:5)
  An orc wizard (D:6)
  8 mummies (Ossuary)
  Robin (D:2)
  3 gnolls (D:5)
  10 adders
  2 river rats
  A white imp (D:5)
  6 worms
  4 dart slugs
  16 orcs
  13 endoplasms
  11 giant cockroaches
  15 hobgoblins
  18 jackals
  3 quokkas
  8 ball pythons
  6 bats
  5 frilled lizards
  A gnoll zombie (Ossuary)
  21 goblins
  3 hobgoblin zombies (Ossuary)
  4 kobolds
  2 kobold zombies (Ossuary)
  2 orc zombies (Ossuary)
  16 rats
211 creatures vanquished.

Vanquished Creatures (collateral kills)
  20 foxfires (D:6)
20 creatures vanquished.

Vanquished Creatures (others)
  838 foxfires
838 creatures vanquished.

Grand Total: 1069 creatures vanquished

Notes
Turn   | Place    | Note
-------+----------+-------------------------------------------
     0 | D:1      | cforsyth the Ogre Fire Elementalist began the quest for the
                  | Orb.
     0 | D:1      | Reached XP level 1. HP: 16/16 MP: 3/3
    71 | D:1      | Reached skill level 1 in Conjurations
   169 | D:1      | Reached XP level 2. HP: 24/24 MP: 1/5
   486 | D:1      | Reached XP level 3. HP: 22/31 MP: 0/7
  1282 | D:2      | Noticed Robin
  1398 | D:2      | Got the Compendium of the Seventy-Seven Knives
  1441 | D:2      | Reached skill level 3 in Spellcasting
  1441 | D:2      | Reached XP level 4. HP: 39/39 MP: 4/8
  1444 | D:2      | Noticed Jessica
  1495 | D:1      | Killed Jessica
  1552 | D:2      | Noticed Terence
  1928 | D:2      | Killed Robin
  1929 | D:2      | Reached XP level 5. HP: 38/45 MP: 1/9
  2464 | D:1      | Learned a level 2 spell: Scorch
  2469 | D:1      | Learned a level 4 spell: Flame Wave
  3327 | D:3      | Found a faded altar of an unknown god.
  4189 | D:3      | Reached XP level 6. HP: 53/53 MP: 4/11
  4246 | D:3      | Found a snail-covered altar of Cheibriados.
  4962 | D:4      | Found a glowing drain.
  4966 | Sewer    | Entered a sewer
  5050 | Sewer    | Reached skill level 4 in Spellcasting
  5111 | Sewer    | Found a viscous altar of Jiyva.
  5142 | Sewer    | Reached XP level 7. HP: 59/59 MP: 9/13
  5219 | D:4      | Found a sand-covered staircase.
  5229 | Ossuary  | Entered an ossuary
  5701 | Ossuary  | Reached skill level 5 in Spellcasting
  6291 | D:4      | Found a runed translucent gate.
  6291 | D:4      | Noticed superbruh's ghost (amateur DsGl)
  6292 | D:4      | Found a runed translucent gate.
  6293 | D:4      | Found a runed translucent gate.
  6293 | D:4      | Noticed bmack86's ghost (amateur MiFi)
  6293 | D:4      | Noticed ragingrage's ghost (amateur FoAr)
  6294 | D:4      | Noticed lunkers's ghost (amateur MeWn)
  6294 | D:4      | Noticed Brisketman's ghost (amateur OpTm)
  6297 | D:4      | Identified the +3 leather armour "Conkoh" {rPois Will+
                  | rCorr}
  6345 | D:5      | Entered Level 5 of the Dungeon
  6789 | D:5      | Found Jakihur's Antique Armour Emporium.
  6853 | D:5      | Reached skill level 5 in Fire Magic
  6930 | D:5      | Reached XP level 8. HP: 47/67 MP: 10/16
  7012 | D:5      | Identified the +3 spear "Qocihu" {elec, *Noise rElec rC++}
  7587 | D:5      | Reached skill level 6 in Spellcasting
  8133 | D:6      | Noticed Edmund
  8147 | D:5      | Killed Edmund
  8412 | D:6      | Reached skill level 5 in Conjurations
  8750 | D:6      | Reached skill level 7 in Spellcasting
  8854 | D:6      | Found a staircase to the Ecumenical Temple.
  9004 | D:6      | Noticed a moth of wrath
  9007 | D:6      | Found a bloodstained altar of Trog.
  9113 | D:6      | Noticed Pikel
  9477 | D:6      | Reached XP level 9. HP: 74/74 MP: 15/19
  9522 | D:6      | Found a burning altar of Makhleb.
  9662 | D:6      | Killed Pikel
  9746 | Temple   | Entered the Ecumenical Temple
  9823 | Temple   | Became a worshipper of Vehumet
  9994 | D:7      | Reached skill level 8 in Spellcasting
 10095 | D:6      | Slain by a yak

Illustrated notes

Levels and vault maps discovered:
D:1:      lightli_iron_boxes, layout_basic
D:2:      layout_basic, uniq_jessica, uniq_terence, uniq_robin
D:3:      kennysheep_the_goblin_king, layout_basic, chei_slow_surprise,
          ebering_ecumenical_altar_box
D:4:      layout_gridville, gammafunk_ghost_cemetery, gup_sewer_entry_spiral,
          nicolae_ossuary_entry_ruins
D:5:      layout_basic, serial_shops, nicolae_shop_real_fake_doors,
          minmay_fire_ice_demons
D:6:      layout_basic, tgw_trog, makhleb_heckhound_becter,
          minmay_temple_entry_gardened_gates, kennysheep_boxes, uniq_edmund,
          uniq_pikel
D:7:      layout_basic, mainiacjoe_overflow_24_doors
Temple:   eino_temple_scatter_basement

Skill      XL: |  1  2  3  4  5  6  7  8  9 |
---------------+----------------------------+-----
Conjurations   | 1 2 3 4 5 6 |  6.5
Dodging        | 2 |  2.8
Fire Magic     | 3 4 5 6 7 |  7.1
Spellcasting   | 3 4 5 7 8 |  8.2
Stealth        | 2 |  2.3

Action                     |  1- 3 |  4- 6 |  7- 9 || total
---------------------------+-------+-------+-------++-------
  Melee: Unarmed           |    41 |    16 |    10 ||    67
         Punch             |       |       |     1 ||     1
   Cast: Foxfire           |    55 |   179 |   253 ||   487
         Scorch            |       |    34 |    39 ||    73
    Use: Scroll            |       |     4 |       ||     4
         Potion            |       |     2 |       ||     2
 Armour: Robe              |    24 |    23 |    13 ||    60
  Dodge: Dodged            |    47 |    55 |    51 ||   153

Table legend: (Time is in decaauts)
 A = Elapsed time spent in this place.
 B = Non-inter-level travel time spent in this place.
 C = Inter-level travel time spent in this place.
 D = Time resting spent in this place.
 E = Time spent auto-exploring this place.
 F = Levels seen in this place.
 G = Mean time per level.
                   A        B        C        D        E       F      G
               +--------+--------+--------+--------+--------+-----+--------+
         Total |  10110 |   9563 |    547 |    858 |   6652 |  10 | 1011.0 |
       Dungeon |   9249 |   8712 |    537 |    858 |   6136 |   7 | 1321.3 |
        Temple |     86 |     77 |      9 |      0 |     58 |   1 |   86.0 |
         Sewer |    194 |    194 |      0 |      0 |      0 |   1 |  194.0 |
       Ossuary |    578 |    578 |      0 |      0 |    458 |   1 |  578.0 |
               +--------+--------+--------+--------+--------+-----+--------+

Top non-repeatable levels by time:
     D:3: 2093 daAuts
     D:5: 1848 daAuts
     D:1: 1796 daAuts
     D:6: 1347 daAuts
     D:2: 1280 daAuts
     D:4: 790 daAuts
 Ossuary: 578 daAuts
   Sewer: 194 daAuts
     D:7: 92 daAuts
  Temple: 86 daAuts
